 Dungeon Crawl Stone Soup version 0.20.0-15-g7f486f2 (console) character file.

9916 removed the Nimble (level 11, -5/59 HPs)
             Began as a Spriggan Necromancer on June 10, 2017.
             Was a High Priest of Okawaru.
             Killed from afar by Josephine (41 damage)
             ... with a ghostly fireball
             ... on level 11 of the Dungeon.
             The game lasted 00:27:50 (12436 turns).

removed the Nimble (Spriggan Necromancer)          Turns: 12436, Time: 00:27:51

Health: -5/59      AC:  5    Str:  7      XL:     11   Next: 29%
Magic:  21/22      EV: 33    Int: 29      God:    Okawaru [*****.]
Gold:   625        SH:  6    Dex: 19 (20) Spells: 17/24 levels left

rFire    + . .     SeeInvis +   a - +7 double sword {flame, Int+5 Dex+2}
rCold    + . .     Gourm    .   (shield currently unavailable)
rNeg     . . .     Faith    .   g - +1 robe
rPois    .         Spirit   .   (helmet restricted)
rElec    .         Reflect  +   d - scarf {rC+ rF+}
rCorr    .         Harm     .   (gloves unavailable)
MR       +....                  (boots unavailable)
Stlth    ++++......             z - +6 amulet of reflection
Regen    0.2/turn               I - ring "Boteb" {Str+3 Int+5}
MPRegen  0.2/turn               l - +5 ring of slaying

@: heroism, heavily drained, very quick
A: unfitting armour, claws 1, yellow scales 1, see invisible, deterioration 1,
herbivore 3, speed 3, sense surroundings 1, slow metabolism 2
a: Heroism, Finesse, Renounce Religion


You were on level 11 of the Dungeon.
You worshipped Okawaru.
Okawaru was extremely pleased with you.
You were not hungry.

You visited 1 branch of the dungeon, and saw 11 of its levels.

You collected 661 gold pieces.
You spent 36 gold pieces at shops.

Inventory:

Hand Weapons
 a - the +7 double sword of Offence (weapon) {flame, Int+5 Dex+2}
   (Okawaru gifted it to you on level 10 of the Dungeon)

   It has been specially enchanted to burn those struck by it, causing extra
   injury to most foes and up to half again as much damage against particularly
   susceptible opponents.
   Big, fiery blades are also staple armaments of hydra-hunters.
   It affects your intelligence (+5).
   It affects your dexterity (+2).
 b - a +2 dagger of draining
 t - a +4 scimitar of flaming
 x - a +0 dagger of protection
 U - a +2 whip of venom
Missiles
 R - a throwing net (quivered)
 X - 4 curare-tipped needles
Armour
 d - a scarf of resistance (worn)
 g - a +1 robe (worn)
Jewellery
 j - an uncursed ring of resist corrosion
 l - a +5 ring of slaying (right claw)
 z - a +6 amulet of reflection (around neck)
 I - the ring "Boteb" (left claw) {Str+3 Int+5}
   (You found it on level 4 of the Dungeon)

   [ring of strength]

   It affects your strength (+3).
   It affects your intelligence (+5).
 J - an uncursed ring of ice
 L - an uncursed amulet of faith {unknown}
 O - a cursed amulet of inaccuracy {unknown}
Wands
 G - a wand of random effects (9/48)
 H - a wand of scattershot (4/9)
 T - a wand of iceblast (2/15)
 W - a wand of disintegration (11/24)
 Y - a wand of polymorph (11/24)
Scrolls
 f - 3 scrolls of enchant weapon
 m - a scroll of blinking
 n - 3 scrolls of teleportation
 o - a scroll of amnesia
 w - 3 scrolls of remove curse
 y - a scroll of random uselessness {unknown}
 C - a scroll of fear
 K - 3 scrolls of identify
 S - a scroll of immolation
 V - a scroll of magic mapping
Potions
 v - 3 potions of flight
 A - a potion of magic
 B - 2 potions of berserk rage
 D - 2 potions of agility
 E - 4 potions of curing
 F - 4 potions of heal wounds
 M - a potion of resistance
 P - a potion of haste
 Z - 2 potions of brilliance
Books
 k - a book of Necromancy

   Spells                             Type                      Level
   a - Pain                           Necromancy                   1
   b - Animate Skeleton               Necromancy                   1
   c - Vampiric Draining              Necromancy                   3
   d - Regeneration                   Charms/Necromancy            3
   e - Animate Dead                   Necromancy                   4
   f - Control Undead                 Necromancy                   4
 N - a book of Air

   Spells                             Type                      Level
   a - Shock                          Conjuration/Air              1
   b - Swiftness                      Charms/Air                   2
   c - Static Discharge               Conjuration/Air              3
   d - Airstrike                      Air                          4
   e - Lightning Bolt                 Conjuration/Air              5
 Q - a book of Air

   Spells                             Type                      Level
   a - Shock                          Conjuration/Air              1
   b - Swiftness                      Charms/Air                   2
   c - Static Discharge               Conjuration/Air              3
   d - Airstrike                      Air                          4
   e - Lightning Bolt                 Conjuration/Air              5
Comestibles
 c - 6 bread rations
 u - 5 fruits


   Skills:
 - Level 7.7(11.1) Fighting
 + Level 6.4(9.9) Long Blades
 - Level 13.0(16.2) Dodging
 - Level 3.0(6.5) Stealth
 - Level 7.1(5.7) Spellcasting
 - Level 6.0(4.7) Necromancy
 - Level 5.1(3.7) Invocations


You had 17 spell levels left.
You knew the following spells:

 Your Spells              Type           Power        Failure   Level  Hunger
a - Pain                  Necr           ####         1%          1    None
b - Vampiric Draining     Necr           #####.....   2%          3    None
e - Regeneration          Chrm/Necr      ###.......   7%          3    None


Dungeon Overview and Level Annotations

Branches:
Dungeon (11/15)            Temple (0/1) D:5            Lair (0/6) D:9
    Orc (0/2) D:9

Altars:
Fedhas
Hepliaklqana
Nemelex Xobeh
Okawaru
Qazlal
Xom

Shops:
D:7 (   D:8 *   D:10 !

Annotations:
D:3 Grinder
D:5 1 runed door
D:8 Grum
D:11 Josephine


Innate Abilities, Weirdness & Mutations

You are very small and have problems with some larger weapons.
You are too small for most types of armour.
You have supernaturally acute eyesight. (SInv)
You are a herbivore.
You cover ground extremely quickly.
You need consume almost no food.
You have sharp fingernails.
You are partially covered in yellow scales. (AC +2)
Your body sometimes deteriorates upon taking damage.
You passively map a small area around you.


Message History

You block Josephine's attack.
You slash Josephine! You burn Josephine.
Josephine is moderately wounded.
You block Josephine's attack.
You slash Josephine! You burn Josephine.
Josephine is heavily wounded.
Unknown command.
You hit Josephine.
Josephine is heavily wounded.
Josephine casts a spell at you.
The ghostly flame explodes!
The ghostly fireball engulfs you!
You feel drained.
The ghostly fireball engulfs Josephine.
Josephine completely resists.
You hear a shout!
Unknown command.
You slash Josephine! You burn Josephine.
Josephine is almost dead.
Josephine casts a spell at you.
The ghostly flame explodes!
The ghostly fireball engulfs you!
You feel drained.
Ouch! That really hurt!
You die...

, , ,* ** , , ,* ,
, * * * * ##### , ,
... , , * * **
##+## #.# ,, ,
#...####.#### ,,
#.#.#.......+, , ,
#<#.#....@@.#,
#+###...#'#######.
,*
...................
,,
..##..#..#....#..##
.................,
#######...........,
, ,, +..........Z
######..#### ..#


You could see Josephine.

Vanquished Creatures
  Erica (D:9)
  4 two-headed ogres
  A gargoyle (D:10)
  A hornet (D:9)
  Prince Ribbit (D:8)
  4 wraiths (D:11)
  Eustachio (D:5)
  3 yaks (D:8)
  Menkaure (D:5)
  A water moccasin (D:9)
  6 orc warriors
  3 sky beasts
  3 ice beasts
  6 ogres
  2 wolves (D:8)
  5 centaurs
  A big kobold (D:4)
  Blork the orc (D:5)
  5 bullfrogs
  A wyvern skeleton (D:8)
  5 scorpions
  3 killer bees (D:10)
  5 wights (D:9)
  3 bullfrog zombies
  5 crimson imps
  6 hounds
  2 orc priests (D:9)
  Crazy Yiuf (D:5)
  4 jellies
  An orc wizard (D:9)
  2 iguanas (D:5)
  13 worker ants
  A killer bee zombie (D:7)
  A hound zombie (D:5)
  A hound skeleton (D:7)
  Robin (D:3)
  13 adders
  A shadow imp (D:7)
  4 oozes
  An adder skeleton (D:4)
  A worm (D:3)
  4 dart slugs
  6 leopard geckos
  27 orcs
  12 bats
  4 giant cockroaches
  15 goblins
  10 hobgoblins
  14 jackals
  2 quokkas
  A ball python (D:2)
  4 frilled lizards
  6 kobolds
  A quokka skeleton (D:9)
  8 rats
239 creatures vanquished.

Vanquished Creatures (others)
  A vampire (D:9)
1 creature vanquished.

Grand Total: 240 creatures vanquished

Notes
Turn   | Place    | Note
-------+----------+-------------------------------------------
     0 | D:1      | removed the Spriggan Necromancer began the quest for the Orb.
     0 | D:1      | Reached XP level 1. HP: 9/9 MP: 5/5
   510 | D:1      | Reached XP level 2. HP: 12/13 MP: 5/7
  1682 | D:2      | Reached XP level 3. HP: 10/16 MP: 3/8
  2331 | D:2      | Found a stormy altar of Qazlal.
  2461 | D:2      | Gained mutation: You passively map a small area around you. [potion of mutation]
  2461 | D:2      | Gained mutation: You are partially covered in yellow scales. (AC +2) [potion of mutation]
  2461 | D:2      | Gained mutation: Your body sometimes deteriorates upon taking damage. [potion of mutation]
  2461 | D:2      | Gained mutation: You have sharp fingernails. [potion of mutation]
  2466 | D:2      | Reached XP level 4. HP: 4/21 MP: 6/10
  2741 | D:2      | Found a blossoming altar of Fedhas.
  2743 | D:2      | Found an iron altar of Okawaru.
  3001 | D:2      | Learned a level 3 spell: Vampiric Draining
  3327 | D:3      | Noticed Grinder
  3426 | D:2      | Became a worshipper of Warmaster Okawaru
  3479 | D:3      | Noticed Robin
  3689 | D:3      | Killed Robin
  4023 | D:3      | Reached XP level 5. HP: 24/24 MP: 13/13
  4049 | D:3      | Reached skill level 5 in Necromancy
  4297 | D:3      | Reached skill level 5 in Spellcasting
  4346 | D:4      | Noticed an ogre
  4380 | D:4      | Killed an ogre
  4561 | D:4      | Reached * piety under Okawaru
  4561 | D:4      | Reached XP level 6. HP: 20/28 MP: 7/15
  4701 | D:4      | Found a hazy altar of Hepliaklqana.
  5089 | D:4      | Got a fine silver ring
  5091 | D:4      | Identified the ring "Boteb" {Str+3 Int+5} (You found it on level 4 of the Dungeon)
  5187 | D:4      | Learned a level 3 spell: Regeneration
  5188 | D:5      | Entered Level 5 of the Dungeon
  5225 | D:5      | Noticed Menkaure
  5287 | D:5      | Killed Menkaure
  5433 | D:5      | Found a runed door.
  5505 | D:5      | Reached XP level 7. HP: 30/32 MP: 18/18
  5519 | D:5      | Noticed Eustachio
  5529 | D:5      | Killed Eustachio
  5529 | D:5      | Reached skill level 1 in Fighting
  5529 | D:5      | Reached skill level 4 in Dodging
  5835 | D:5      | Reached ** piety under Okawaru
  5919 | D:5      | Reached skill level 5 in Dodging
  6058 | D:5      | Found a staircase to the Ecumenical Temple.
  6098 | D:5      | Found a runed door.
  6108 | D:5      | Noticed Blork the orc
  6139 | D:5      | Killed Blork the orc
  6485 | D:5      | Found a runed door.
  6548 | D:5      | Reached skill level 6 in Dodging
  6548 | D:5      | Reached XP level 8. HP: 29/39 MP: 17/19
  6935 | D:5      | Noticed Crazy Yiuf
  6948 | D:5      | Killed Crazy Yiuf
  6998 | D:5      | Reached skill level 7 in Dodging
  7715 | D:6      | Reached skill level 8 in Dodging
  7986 | D:7      | Reached *** piety under Okawaru
  8108 | D:7      | Reached skill level 9 in Dodging
  8233 | D:7      | Found Etoi's Weapon Boutique.
  8286 | D:7      | Reached skill level 5 in Fighting
  8329 | D:7      | Reached XP level 9. HP: 36/47 MP: 20/20
  8442 | D:7      | Reached skill level 10 in Dodging
  8672 | D:7      | Found a shimmering altar of Xom.
  8944 | D:8      | Noticed Prince Ribbit
  8989 | D:8      | Killed Prince Ribbit
  8989 | D:8      | Reached **** piety under Okawaru
  8989 | D:8      | Received a gift from Okawaru
  9122 | D:8      | Noticed Grum
  9162 | D:8      | Received a gift from Okawaru
  9162 | D:8      | Reached skill level 11 in Dodging
  9300 | D:8      | Noticed a two-headed ogre
  9526 | D:8      | Noticed a two-headed ogre
  9527 | D:8      | Found a sparkling altar of Nemelex Xobeh.
  9588 | D:8      | Killed a two-headed ogre
  9588 | D:8      | Reached skill level 12 in Dodging
  9619 | D:8      | Found Ihimucvi's Demolitions Depot.
  9661 | D:8      | Reached XP level 10. HP: 31/55 MP: 12/21
 10173 | D:8      | Killed a two-headed ogre
 10173 | D:8      | Reached ***** piety under Okawaru
 10173 | D:8      | Reached skill level 13 in Dodging
 10305 | D:9      | Noticed Erica
 10330 | D:9      | Killed Erica
 10553 | D:8      | Reached skill level 5 in Invocations
 10895 | D:9      | Reached skill level 1 in Long Blades
 10915 | D:9      | Found a staircase to the Lair.
 10917 | D:9      | Noticed a two-headed ogre
 10918 | D:9      | Noticed a two-headed ogre
 10997 | D:9      | Killed a two-headed ogre
 11100 | D:9      | Killed a two-headed ogre
 11264 | D:9      | Reached XP level 11. HP: 59/59 MP: 22/22
 11267 | D:9      | Received a gift from Okawaru
 11433 | D:9      | Reached skill level 5 in Long Blades
 11468 | D:9      | Found a staircase to the Orcish Mines.
 11708 | D:10     | Entered Level 10 of the Dungeon
 11886 | D:10     | Found Kiqof's Distillery.
 11894 | D:10     | Bought a potion of curing for 36 gold pieces
 12063 | D:10     | Received a gift from Okawaru
 12064 | D:10     | Got an iridescent double sword {god gift}
 12065 | D:10     | Identified the +7 double sword of Offence {flame, Int+5 Dex+2} (Okawaru gifted it to you on level 10 of the Dungeon)
 12282 | D:11     | Noticed Josephine
 12436 | D:11     | Killed from afar by Josephine

Skill      XL: |  1  2  3  4  5  6  7  8  9 10 11 |
---------------+----------------------------------+-----
Spellcasting   | 3 4 5 6 7 |  7.1
Necromancy     | 4 5 6 |  6.0
Fighting       | 2 5 7 |  7.7
Dodging        | 6 9 12 13 | 13.0
Invocations    | 5 |  5.1
Long Blades    | 4 6 |  6.4
Stealth        | |  3.0

Action                   |  1- 3 |  4- 6 |  7- 9 | 10-12 || total
-------------------------+-------+-------+-------+-------++-------
Melee: Whip              |     5 |    25 |    61 |       ||    91
       Dagger            |       |    34 |   113 |    62 ||   209
       Scimitar          |       |       |       |    84 ||    84
       Double sword      |       |       |       |    21 ||    21
       Punch             |       |       |       |     1 ||     1
 Cast: Pain              |    71 |    91 |   186 |   157 ||   505
       Vampiric Draining |       |       |     8 |     7 ||    15
       Regeneration      |       |       |     1 |       ||     1
Invok: Heroism           |       |       |       |     3 ||     3
Evoke: Wand              |       |     7 |       |     1 ||     8
  Use: Potion            |     3 |       |       |       ||     3
       Scroll            |       |     5 |    13 |     3 ||    21
 Stab: Sleeping          |       |     3 |     4 |     3 ||    10
  Eat: Bread ration      |       |     1 |       |     1 ||     2
Armor: Robe              |       |     9 |    12 |     5 ||    26
Dodge: Dodged            |    16 |    38 |   162 |   149 ||   365
Block: Other             |       |    12 |    59 |    62 ||   133
       Rpst.: Scimitar   |       |       |       |    28 ||    28
       Double sword      |       |       |       |     4 ||     4
